 Dungeon Crawl Stone Soup version 0.32-a0-470-g255bbe2 (webtiles) character file.

Game seed: 9284931089020949862

11706 aor the Fighter (level 11, -6/94 (99) HPs)
             Began as a Mountain Dwarf Cinder Acolyte on Feb 25, 2024.
             Was a High Priest of Ignis.
             Mangled by a +3 scimitar of chaos (15 damage)
             ... on level 8 of the Dungeon.
             The game lasted 00:32:03 (13799 turns).

aor the Fighter (Mountain Dwarf Cinder Acolyte)    Turns: 13799, Time: 00:32:04

HP:   -6/94 (99)    AC: 18    Str: 21    XL:     11   Next: 52%
MP:   14/26         EV: 15    Int: 18    God:    Ignis [*****.]
Gold: 511           SH:  0    Dex:  2    Spells: 13/18 levels left

rFire   + + .        N - +4 flail
rCold   + . .        (no shield)
rNeg    . . .        r - +3 ring mail of Broken Taboos {Will+ Regen+ Str+3 Dex-3}
rPois   +            k - +0 helmet
rElec   +            u - +0 cloak
rCorr   +            (no gloves)
SInv    .            (no boots)
Will    ++...        Q - amulet of the acrobat Stlth
                     M - ring of magical power
HPRegen 1.15/turn    T - +5 ring of evasion
MPRegen 0.20/turn

%: acrobat
@: about to teleport, resistant, corroded, fiery-armoured, drained
A: runic magic, artefact enchanting
a: Renounce Religion, Fiery Armour, Foxfire Swarm


You were on level 8 of the Dungeon.
You worshipped Ignis.
Ignis was extremely pleased with you.
You visited 1 branch of the dungeon, and saw 11 of its levels.
You also visited: Bailey.

You collected 799 gold pieces.
You spent 288 gold pieces at shops.

Inventory:

Hand Weapons
 z - a +4 vampiric short sword
 L - the +2 quarterstaff "Cetanaunud" {venom, rPois rCorr Dex-3}
   (You found it on level 7 of the Dungeon)

   Dex-3:     It affects your dexterity (-3).
   rPois:     It protects you from poison rCorr: It protects you from acid and
   corrosion.
 N - a +4 flail (weapon)
 P - a +1 vampiric bardiche
Missiles
 l - 19 poisoned darts
Armour
 g - the +7 scale mail "Fuojum" {rPois rC+ Will+}
   (You found it in a bailey)

   rC+:       It protects you from cold.
   rPois:     It protects you from poison Will+: It increases your willpower.
 k - a +0 helmet (worn)
 n - the +4 ring mail "Majats" {rElec rPois rC+}
   (You found it in a bailey)

   rC+:       It protects you from cold.
   rElec:     It insulates you from electricity.
   rPois:     It protects you from poison
 r - the +3 ring mail of Broken Taboos (worn) {Will+ Regen+ Str+3 Dex-3}
   (You took it off a goblin on level 2 of the Dungeon)

   Str+3:     It affects your strength (+3).
   Dex-3:     It affects your dexterity (-3).
   Will+:     It increases your willpower.
   Regen+:    It increases your rate of health regeneration.
 s - a +0 leather armour of cold resistance
 u - a +0 cloak (worn)
 O - a scarf of invisibility
Magical Staves
 F - a staff of cold
Jewellery
 C - a ring of ice
 M - a ring of magical power (left hand)
 Q - an amulet of the acrobat (around neck)
 T - a +5 ring of evasion (right hand)
Wands
 q - a wand of polymorph (6)
 A - a wand of flame (56)
 B - a wand of roots (10)
 G - a wand of light (4)
Scrolls
 b - 3 scrolls of fear
 c - 4 scrolls of teleportation
 h - 2 scrolls of torment {unknown}
 p - 3 scrolls of immolation {unknown}
 v - 3 scrolls of blinking {unknown}
 y - 2 scrolls of enchant weapon {unknown}
 D - 2 scrolls of vulnerability
 E - a scroll of fog
 H - 3 scrolls of revelation {unknown}
 I - 2 scrolls of enchant armour
 K - 2 scrolls of amnesia
 R - a scroll of brand weapon {unknown}
Potions
 a - 2 potions of heal wounds {unknown}
 d - 2 potions of cancellation {unknown}
 e - 3 potions of ambrosia {unknown}
 f - a potion of berserk rage {unknown}
 i - 3 potions of lignification
 j - 3 potions of invisibility
 m - 2 potions of brilliance {unknown}
 o - 2 potions of enlightenment {unknown}
 t - 3 potions of attraction
 w - 3 potions of might
 x - 4 potions of curing
 J - a potion of magic {unknown}
 S - 3 potions of mutation {unknown}


   Skills:
 - Level 10.0 Fighting
 - Level 10.0 Maces & Flails
 - Level 10.0 Armour
 + Level 4.4 Spellcasting
 - Level 10.0 Fire Magic
 - Level 7.0 Evocations


You had 13 spell levels left.
You knew the following spells:

 Your Spells              Type           Power      Damage    Failure   Level
a - Scorch                Fire           78%        2d8       1%          2
b - Volatile Blastmotes   Fire/Tloc      42%        2d13      6%          3

Your spell library contained the following spells:

 Spells                   Type           Power      Damage    Failure   Level
 Apportation              Tloc           6%         N/A       16%         1
 Blink                    Tloc           6%         N/A       22%         2
 Jinxbite                 Hex            6%         N/A       22%         2
 Lesser Beckoning         Tloc           6%         N/A       22%         2
 Momentum Strike          Conj/Tloc      6%         3d8       22%         2
 Static Discharge         Conj/Air       6%         3-4/arc   22%         2
 Airstrike                Air            1%         2d(1-17)  83%         4
 Fulminant Prism          Conj/Alch      1%         3d5       83%         4
 Iskenderun's Mystic Bla  Conj/Tloc      3%         2d3       83%         4
 Summon Lightning Spire   Summ/Air       3%         N/A       83%         4
 Alistair's Intoxication  Alch           2%         N/A       99%         5
 Summon Forest            Summ/Tloc      1%         N/A       99%         5
 Summon Mana Viper        Hex/Summ       3%         N/A       99%         5
 Summon Cactus Giant      Summ           1%         N/A       100%        6
 Malign Gateway           Summ/Tloc      1%         N/A       100%        7
 Summon Horrible Things   Summ           1%         N/A       100%        8


Dungeon Overview and Level Annotations

Branches:
Dungeon (11/15)            Temple (0/1) D:6            Lair (0/5) D:8
 Bailey (visited)
    Orc: D:9-12

Altars:
Cheibriados
Elyvilon
Fedhas
Gozag
Okawaru
Uskayaw
Vehumet
Xom
The Shining One

Shops:
D:9 (   D:11 !

Portals:
Abyss: D:4

Annotations:
D:8 Dorkslayer's ghost, novice OpFi
D:11 2 runed translucent doors, Nysigunk's ghost, journeyman VSBr


Innate Abilities, Weirdness & Mutations

Your spellcasting is much less encumbered by armour.
You can use scrolls of enchantment on lesser artefacts.


Message History

The +3 scimitar of chaos is heavily damaged.
You feel very sick.
The +3 scimitar of chaos hits you but does no damage.
You are more poisoned.
Unknown command.
You closely miss the +3 scimitar of chaos.
The +3 scimitar of chaos is heavily damaged.
You feel very sick. The +3 scimitar of chaos hits you!
You feel drained. The +3 scimitar of chaos hits you.
* * * LOW HITPOINT WARNING * * *
You feel drained.
* * * LOW HITPOINT WARNING * * *
You closely miss the +3 scimitar of chaos.
The +3 scimitar of chaos is heavily damaged.
You feel sick.
The +3 scimitar of chaos is no longer more vulnerable to fire.
The +3 scimitar of chaos hits you!
* * * LOW HITPOINT WARNING * * *
The +3 scimitar of chaos resists.
The +3 scimitar of chaos is burned by your cloak of flames.
The +3 scimitar of chaos is heavily damaged.
You feel better.
The +3 scimitar of chaos barely misses you.
Dorkslayer's ghost says very slowly, "There's no hope."
The +3 scimitar of chaos barely misses you.
As you read the scroll of teleportation, it crumbles to dust.
You feel strangely unstable. The +3 scimitar of chaos hits you.
* * * LOW HITPOINT WARNING * * *
You hit the +3 scimitar of chaos.
The +3 scimitar of chaos is heavily damaged.
The +3 scimitar of chaos hits you but does no damage.
You feel drained. The +3 scimitar of chaos hits you.
* * * LOW HITPOINT WARNING * * *
Unknown command.
You barely miss the +3 scimitar of chaos.
The +3 scimitar of chaos is moderately damaged.
The +3 scimitar of chaos hits you!
You die...
Ignis goes out, and joins you in death.

#####.........
#....#..ß.#.ß.
#.............
#....#.......#
##########..##....
###..# ##.#.[[#.
##!#..### ####.#.....
#._(....###.....#....
##W#@.#..........<...
###..###............
#### #............
#......).....
#............
#............
#............
##...........
##.....#>...


You could see a +3 scimitar of chaos and Dorkslayer's ghost.

Vanquished Creatures
  Fannar (D:10)
  A boulder beetle (D:11)
  A centaur warrior (D:9)
  A two-headed ogre (D:11)
  A cyclops (D:11)
  A gargoyle (Bailey)
  Maggie (D:9)
  2 unseen horrors
  A troll (D:10)
  Prince Ribbit (D:5)
  2 wraiths
  3 small abominations (D:4)
  A vampire (Bailey)
  3 wyverns
  The ghost of Dega the Trooper, an amateur DsFi (D:4)
  3 yaks (D:11)
  3 steam dragons
  3 vampire mosquitoes (D:11)
  An acid dragon (D:9)
  2 sky beasts (D:7)
  2 black bears
  4 orc warriors
  An ice beast (D:8)
  2 ogres
  6 centaurs
  2 bullfrogs
  2 kobold brigands
  A gnoll sergeant (D:9)
  5 scorpions
  9 wights
  5 killer bees (D:10)
  3 howler monkeys
  6 vampire bats (Bailey)
  5 wolf zombies (Bailey)
  A quasit (D:4)
  5 hounds
  3 bombardier beetles
  3 gnoll boudas
  A jelly (D:6)
  7 orc priests
  An iguana (D:5)
  Ijyb (D:3)
  Natasha (thrice) (D:2)
  11 orc wizards
  25 gnolls
  6 adders
  2 shadow imps (D:6)
  3 white imps
  5 dart slugs
  39 orcs
  3 endoplasms
  2 giant cockroaches (D:2)
  7 goblins
  4 hobgoblins
  9 jackals
  5 quokkas
  5 ball pythons
  4 bats
  3 frilled lizards
  11 kobolds
  19 orc zombies (Bailey)
  2 rats
276 creatures vanquished.

Notes
Turn   | Place    | Note
-------+----------+-------------------------------------------
     0 | D:1      | aor the Mountain Dwarf Cinder Acolyte began the quest for
                  | the Orb.
     0 | D:1      | Reached XP level 1. HP: 19/19 MP: 2/2
   205 | D:1      | Reached XP level 2. HP: 26/26 MP: 3/3
   211 | D:1      | Learned a level 2 spell: Scorch
   693 | D:2      | Reached XP level 3. HP: 33/33 MP: 2/5
   748 | D:2      | Noticed Natasha
   765 | D:2      | Killed Natasha
   881 | D:2      | You fall into a shaft and drop 1 floor!
  1045 | D:3      | Reached XP level 4. HP: 40/40 MP: 0/7
  1207 | D:2      | Noticed Natasha
  1214 | D:2      | Killed Natasha
  1425 | D:2      | Identified the +3 ring mail of Broken Taboos {Will+ Regen+
                  | Str+3 Dex-3}
  1667 | D:2      | Noticed Natasha
  1671 | D:2      | Killed Natasha
  1672 | D:2      | Reached skill level 1 in Armour
  1672 | D:2      | Reached XP level 5. HP: 46/46 MP: 4/9
  2237 | D:3      | Noticed Ijyb
  2243 | D:3      | Killed Ijyb
  2388 | D:3      | Found a blossoming altar of Fedhas.
  3240 | D:4      | Found a transporter.
  3300 | D:4      | Found an opulent altar of Gozag.
  3371 | D:4      | Noticed a small abomination
  3372 | D:4      | Noticed a small abomination
  3376 | D:4      | Noticed Dega's ghost (amateur DsFi)
  3382 | D:4      | Noticed a small abomination
  3393 | D:4      | Found a transporter.
  3468 | D:4      | Noticed a centaur
  3474 | D:4      | Killed a centaur
  3475 | D:4      | Reached XP level 6. HP: 41/52 MP: 2/12
  4090 | D:5      | Entered Level 5 of the Dungeon
  4093 | D:5      | Noticed Prince Ribbit
  4102 | D:5      | Killed Prince Ribbit
  4103 | D:5      | Reached XP level 7. HP: 59/59 MP: 1/13
  4426 | D:5      | Reached skill level 5 in Fighting
  4786 | D:5      | Reached XP level 8. HP: 62/71 MP: 3/14
  5318 | D:5      | Reached skill level 5 in Fire Magic
  5690 | D:6      | Found a white marble altar of Elyvilon.
  5840 | D:6      | Reached skill level 5 in Armour
  6144 | D:6      | Found a staircase to the Ecumenical Temple.
  6384 | D:6      | Found an iron altar of Okawaru.
  6690 | D:6      | Reached XP level 9. HP: 79/79 MP: 15/15
  6990 | D:7      | Reached skill level 5 in Maces & Flails
  7153 | D:7      | Identified the +2 quarterstaff "Cetanaunud" {venom, rPois
                  | rCorr Dex-3}
  7476 | D:7      | Found a glowing golden altar of the Shining One.
  7827 | D:7      | Reached skill level 5 in Evocations
  8069 | D:7      | Learned a level 3 spell: Volatile Blastmotes
  8173 | D:8      | Found a flagged portal.
  8200 | Bailey   | Entered a bailey
  8585 | Bailey   | Noticed a gargoyle
  8592 | Bailey   | Killed a gargoyle
  8710 | Bailey   | Identified the +7 scale mail "Fuojum" {rPois rC+ Will+}
  8712 | Bailey   | Identified the +4 ring mail "Majats" {rElec rPois rC+}
  8772 | Bailey   | Reached XP level 10. HP: 90/90 MP: 16/16
  8863 | D:8      | Found a staircase to the Lair.
  9090 | D:8      | Found a hide-covered altar of Uskayaw.
  9287 | D:8      | Found a runed translucent door.
  9288 | D:8      | Found a shimmering altar of Xom.
  9288 | D:8      | Noticed Dorkslayer's ghost (novice OpFi)
  9289 | D:8      | Noticed a +3 scimitar of chaos
  9566 | D:9      | Noticed Maggie
  9578 | D:9      | Killed Maggie
  9840 | D:9      | Found Miosail's Antique Weapon Emporium.
  9881 | D:9      | Found a snail-covered altar of Cheibriados.
  9893 | D:9      | Reached skill level 10 in Fighting
  9959 | D:9      | Noticed a centaur warrior
  9969 | D:9      | Killed a centaur warrior
 10703 | D:10     | Entered Level 10 of the Dungeon
 10917 | D:10     | Noticed Fannar
 10937 | D:10     | Killed Fannar
 10938 | D:10     | Reached skill level 10 in Fire Magic
 11233 | D:10     | Found a radiant altar of Vehumet.
 11774 | D:10     | Reached XP level 11. HP: 94/99 MP: 17/17
 12034 | D:11     | Identified the +1 ring mail "Upyalauxzi" {*Slow Int+3
                  | Dex+6}
 12067 | D:11     | Noticed a two-headed ogre
 12082 | D:11     | Killed a two-headed ogre
 12083 | D:11     | Reached skill level 10 in Maces & Flails
 12157 | D:11     | Found a large runed translucent door.
 12157 | D:11     | Found a large runed translucent door.
 12161 | D:11     | Noticed Nysigunk's ghost (journeyman VSBr)
 12816 | D:11     | Found Reruac's Distillery.
 12831 | D:11     | Bought a potion of attraction for 48 gold pieces
 12831 | D:11     | Bought a potion of invisibility for 128 gold pieces
 12831 | D:11     | Bought a potion of lignification for 48 gold pieces
 12831 | D:11     | Bought a potion of might for 64 gold pieces
 13005 | D:11     | Noticed a boulder beetle
 13043 | D:11     | Killed a boulder beetle
 13509 | D:4      | Found a one-way gate to the infinite horrors of the Abyss.
 13563 | D:4      | Killed Dega's ghost
 13564 | D:4      | Reached skill level 10 in Armour
 13799 | D:8      | Mangled by a +3 scimitar of chaos

Illustrated notes

Levels and vault maps discovered:
D:1:      roadster_arrival_rocket_small, layout_rooms
D:2:      layout_loops_corners, uniq_natasha
D:3:      layout_basic, general_overflow_altar, uniq_ijyb
D:4:      layout_gridville, grunt_gozag_statues, gammafunk_ghost_abyssal_escape,
          minmay_misc_feat_rows, chequers_serial_rivers_room_a,
          minmay_small_thing
D:5:      layout_rooms, nicolae_elevator_lobby_plus, uniq_prince_ribbit1
D:6:      layout_loops_corners, elyvilon_altar_3, okawaru_gym_becter,
          minmay_temple_entry_waves
D:7:      layout_basic, mainiacjoe_overflow_chevrons
D:8:      layout_rooms, eat_drink_and_be_merry_uskayaw, dpeg_oklobed_lair,
          ebering_ghost_xom, enter_bailey_7, hangedman_decor_riveting
D:9:      layout_roguey, kennysheep_slug_shrine, serial_shops, shop,
          lightli_orcish_oven, uniq_maggie
D:10:     layout_irregular_city, amcnicky_altar_gilded,
          kennysheep_generic_room_16, uniq_fannar
D:11:     layout_basic, ebering_ghost_disaster_area, serial_shops, shop_coins

Skill      XL: |  1  2  3  4  5  6  7  8  9 10 11 |
---------------+----------------------------------+-----
Maces & Flails | 4 7 9 10 | 10.0
Fire Magic     | 4 7 10 | 10.0
Fighting       | 4 6 7 8 10 | 10.0
Spellcasting   | 2 3 4 |  4.4
Armour         | 1 3 4 6 7 10 | 10.0
Evocations     | 3 4 7 |  7.0

Action                     |  1- 3 |  4- 6 |  7- 9 | 10-12 || total
---------------------------+-------+-------+-------+-------++-------
  Melee: Mace              |    58 |    71 |   189 |       ||   318
         Flail             |       |       |    65 |   219 ||   284
  Throw: Dart              |       |       |       |     4 ||     4
   Cast: Scorch            |    11 |    56 |   180 |   196 ||   443
 Invoke: Fiery Armour      |       |       |       |     3 ||     3
         Rising Flame      |       |       |       |     1 ||     1
    Use: Potion            |       |       |     1 |     1 ||     2
         Scroll            |       |       |     7 |     1 ||     8
 Armour: Robe              |     6 |       |       |       ||     6
         Leather armour    |    28 |     6 |       |       ||    34
         Ring mail         |       |    63 |   274 |   353 ||   690
  Dodge: Dodged            |    41 |    73 |   150 |   265 ||   529

Table legend: (Time is in decaauts)
 A = Elapsed time spent in this place.
 B = Non-inter-level travel time spent in this place.
 C = Inter-level travel time spent in this place.
 D = Time resting spent in this place.
 E = Time spent auto-exploring this place.
 F = Levels seen in this place.
 G = Mean time per level.
                   A        B        C        D        E       F      G
               +--------+--------+--------+--------+--------+-----+--------+
         Total |  13870 |  13353 |    517 |      0 |  11084 |  12 | 1155.8 |
       Dungeon |  13223 |  12706 |    517 |      0 |  10654 |  11 | 1202.1 |
        Bailey |    646 |    646 |      0 |      0 |    430 |   1 |  646.0 |
               +--------+--------+--------+--------+--------+-----+--------+

Top non-repeatable levels by time:
     D:6: 1606 daAuts
    D:10: 1442 daAuts
     D:2: 1407 daAuts
     D:5: 1388 daAuts
     D:9: 1258 daAuts
    D:11: 1235 daAuts
     D:4: 1210 daAuts
     D:7: 1188 daAuts
     D:3: 1100 daAuts
     D:8: 792 daAuts
  Bailey: 646 daAuts
     D:1: 593 daAuts
